 Dungeon Crawl Stone Soup version 0.19.5 (webtiles) character file.

342968 Peloso the Hoplite (level 21, -10/298 HPs)
             Began as a Minotaur Fighter on Mar 18, 2017.
             Was the Champion of Okawaru.
             Mangled by an azure jelly (12 damage)
             ... on level 5 of the Pits of Slime on Mar 19, 2017.
             The game lasted 03:03:39 (44071 turns).

Peloso the Hoplite (Minotaur Fighter)              Turns: 44071, Time: 03:03:40

Health: -10/298    AC: 25    Str: 44    XL:     21   Next: 12%
Magic:  18/21      EV: 21    Int: 12    God:    Okawaru [******]
Gold:   4292       SH: 38    Dex: 29    Spells: 0 memorised, 20 levels left

rFire  + . .     SeeInvis +     o - +9 long sword "Arymp" {slice, rElec Str-3 Dex+7 SInv}
rCold  + + .     Gourm    .     P - +14 plate armour of the Onion {rN+ Str+3 Slay-4 Stlth+}
rNeg   + + .     Faith    .     E - +6 large shield "Bodwat" {rElec rC+}
rPois  +         Spirit   .     V - -2 hat of the Alchemist {rElec rPois rF+ rC+ rN+ MR+ rMut rCorr}
rElec  +         Reflect  .     x - +2 cloak {MR+}
rCorr  +         Harm     .     d - +1 pair of gloves {archery}
rMut   +         Rnd*Rage +     l - +1 pair of boots of Jigsaw {Int+7}
MR     +++..                    I - amulet "Omuosuweiv" {Fragile Regen+ Str+4 Dex+4 Stlth+}
Stlth  ..........               a - +3 ring of strength
                                Q - +4 ring of strength

@: mighty, agile, berserking, corroded, very slightly contaminated, hasted, very
quick
A: retaliatory headbutt, horns 2, yellow scales 1, berserk 2
a: Heroism, Finesse, Renounce Religion
}: 2/15 runes: decaying, gossamer


You were on level 5 of the Pits of Slime.
You worshipped Okawaru.
Okawaru was exalted by your worship.
You were hungry.

You visited 8 branches of the dungeon, and saw 40 of its levels.
You also visited: Labyrinth, Ossuary, Ice Cave and Volcano.

You collected 4754 gold pieces.
You spent 462 gold pieces at shops.

Inventory:

Hand Weapons
 i - the +5 long sword of Exoneration {flame, +Fly Int+3}
   (Okawaru gifted it to you on level 2 of the Pits of Slime)

   It has been specially enchanted to burn those struck by it, causing extra
   injury to most foes and up to half again as much damage against particularly
   susceptible opponents.
   Big, fiery blades are also staple armaments of hydra-hunters.
   It affects your intelligence (+3).
   It lets you fly.
 o - the +9 long sword "Arymp" (weapon) {slice, rElec Str-3 Dex+7 SInv}
   (Okawaru gifted it to you on level 5 of the Pits of Slime)

   It inflicts extra damage upon your enemies.
   It affects your strength (-3).
   It affects your dexterity (+7).
   It insulates you from electricity.
   It lets you see invisible.
 N - the +10 long sword of Seapi {venom, rC+ MP+9 Str+2 Dex+2}
   (You found it on level 9 of the Dungeon)

   It poisons the flesh of those it strikes.
   It affects your strength (+2).
   It affects your dexterity (+2).
   It protects you from cold.
   It affects your magic capacity (+9).
 S - a +4 demon blade of slicing
Armour
 d - a +1 pair of gloves of archery (worn)
 l - the +1 pair of boots of Jigsaw (worn) {Int+7}
   (You found it in a labyrinth)

   It affects your intelligence (+7).
 x - a +2 cloak of magic resistance (worn)
 E - the +6 large shield "Bodwat" (worn) {rElec rC+}
   (Okawaru gifted it to you on level 4 of the Spider Nest)

   It protects you from cold.
   It insulates you from electricity.
 P - the +14 plate armour of the Onion (worn) {rN+ Str+3 Slay-4 Stlth+}
   (Okawaru gifted it to you on level 2 of the Swamp)

   It affects your strength (+3).
   It affects your accuracy and damage with ranged weapons and melee attacks
   (-4).
   It protects you from negative energy.
   It makes you more stealthy.
 V - the -2 hat of the Alchemist (worn) {rElec rPois rF+ rC+ rN+ MR+ rMut rCorr}
   (You found it in a labyrinth)

   It protects you from fire.
   It protects you from cold.
   It insulates you from electricity.
   It protects you from poison.
   It protects you from negative energy.
   It affects your resistance to hostile enchantments.
   It protects you from acid and corrosion.
   It protects you from mutation.
Jewellery
 a - a +3 ring of strength (right hand)
 I - the amulet "Omuosuweiv" (around neck) {Fragile Regen+ Str+4 Dex+4 Stlth+}
   (You took it off a deep elf annihilator on level 3 of the Elven Halls)

   [amulet of regeneration]

   It affects your strength (+4).
   It affects your dexterity (+4).
   It increases your rate of regeneration.
   It will be destroyed if unequipped.
   It makes you more stealthy.
 Q - a +4 ring of strength (left hand)
Wands
 p - a wand of digging (5/24)
 z - a wand of disintegration (2/24)
 R - a wand of teleportation (1/9)
Scrolls
 b - 6 scrolls of identify
 c - 4 scrolls of fear
 g - a scroll of remove curse
 h - 6 scrolls of teleportation
 q - 3 scrolls of magic mapping
 C - 2 scrolls of holy word
 G - 5 scrolls of recharging
 X - 5 scrolls of blinking
Potions
 e - 2 potions of resistance
 j - 9 potions of curing
 k - 6 potions of haste
 n - 4 potions of heal wounds
 t - 3 potions of berserk rage
 A - 4 potions of flight
 D - 3 potions of might
 T - 6 potions of agility
Comestibles
 f - 17 bread rations
 m - 22 meat rations
 s - 10 royal jellies
 w - 11 beef jerkies
 H - 2 slices of pizza


   Skills:
 + Level 19.4 Fighting
 + Level 19.9 Long Blades
 + Level 18.2 Armour
 + Level 6.9 Dodging
 + Level 2.9 Stealth
 + Level 26.5 Shields
 + Level 1.7 Invocations
 + Level 1.5 Evocations


You had 20 spell levels left.
You didn't know any spells.

Dungeon Overview and Level Annotations

Branches:
Dungeon (15/15)            Temple (1/1) D:6            Lair (6/6) D:11
  Swamp (4/4) Lair:4       Spider (4/4) Lair:3        Slime (5/5) Lair:6
    Orc (2/2) D:10            Elf (3/3) Orc:2        Vaults (0/5) D:14
 Depths (0/5) D:15

Altars:
Ashenzari
Cheibriados
Dithmenos
Elyvilon
Fedhas
Gozag
Hepliaklqana
Kikubaaqudgha
Makhleb
Nemelex Xobeh
Okawaru
Qazlal
Ru
Sif Muna
Trog
Uskayaw
Vehumet
Xom
Yredelemnul
Zin
The Shining One
Beogh
Jiyva

Shops:
D:4 }   D:5 }   D:6 *   D:8 *   Orc:2 }!%[[*?[   Elf:1 }


Innate Abilities, Weirdness & Mutations

You reflexively headbutt those who attack you in melee.
You have a pair of horns on your head.
You are partially covered in yellow scales. (AC +2)
You often lose your temper in combat.


Message History

You slash the azure jelly! You headbutt the azure jelly!!
The azure jelly is heavily wounded.
The azure jelly closely misses you. You block the azure jelly's attack. x3
The death ooze jiggles.
You block the death ooze's attack. The death ooze completely misses you.
The acid blob spits acid at you. The splash of acid hits you!
The acid corrodes you!
You are splashed with acid!
The acid burns!
You resist.
* * * LOW HITPOINT WARNING * * *
The acid blob completely misses you. You furiously retaliate!
You headbutt the acid blob! You slash the azure jelly!
Your headbutt misses the azure jelly.
The azure jelly is severely wounded.
You block the death ooze's attack. The death ooze hits you!
* * * LOW HITPOINT WARNING * * *
The acid blob hits you but does no damage.
You block the death ooze's attack. x2; The azure jelly hits you.
* * * LOW HITPOINT WARNING * * *
The azure jelly freezes you! You resist.
You die...

......# #J## ##....... ......
................ #....... .....
................##....... .....
......................... ......
................##....... ......#
..%(.}....).?!..#........ .......
.??"!..G...$[[$.#........
......##.[[[=/.JJJ!}[=!.##.......
.......#..[[(.JJ@J.()!..#........
...........($(.JJJ%!%............
............!......[.............
.................................
.................................
.................................
.................................
.................................
.................................


You could see 3 acid blobs, 2 azure jellies, 4 death oozes and an eye of
draining.

Vanquished Creatures
  the Royal Jelly (Slime:5)
  Dissolution (Slime:4)
  Bai Suzhen (Swamp:4)
  A tentacled monstrosity (Swamp:1)
  Rupert (D:15)
  5 deep elf blademasters
  3 deep elf master archers (Elf:3)
  23 acid blobs
  The ghost of flsc the Executioner, an adept MiFi of Makhleb (Swamp:4)
  Gastronok (Orc:1)
  4 thorn hunters
  Frances (D:12)
  Donald (Swamp:1)
  Roxanne (Swamp:4)
  Kirke (Swamp:3)
  13 azure jellies
  4 deep elf sorcerers
  3 ghost moths
  4 emperor scorpions
  Aizul (Elf:1)
  2 deep elf elementalists
  Louise (Swamp:3)
  An entropy weaver (Spider:3)
  A white draconian (IceCv)
  3 deep elf demonologists (Elf:3)
  6 deep elf annihilators
  Azrael (D:14)
  4 spark wasps (Spider:4)
  Snorg (D:10)
  3 death oozes
  7 deep elf death magi
  A fire dragon (D:15)
  A minotaur (Lab)
  5 vault guards (D:14)
  Erolcha (D:12)
  2 deep elf high priests (Elf:3)
  The ghost of letownia the Reanimator, a journeyman DDNe of Gozag (Volcano)
  8 great orbs of eyes
  3 ice dragons
  12 hydras
  3 ghost crabs
  A merfolk avatar (Lair:6)
  4 centaur warriors
  6 alligators
  18 dancing weapons
  5 death yaks
  8 orc high priests (Orc:2)
  4 tengu warriors
  A small abomination (Elf:3)
  The ghost of toffzen the Unseen, a journeyman SpEn of Dithmenos (Lair:3)
  17 deep elf knights
  Nergalle (D:12)
  5 skeletal warriors
  An unseen horror (D:15)
  A wizard (D:14)
  4 swamp dragons
  A shambling mangrove (Swamp:3)
  2 sea snakes (Lair:6)
  An anaconda skeleton (Volcano)
  8 deep elf archers
  4 orc knights
  33 wolf spiders
  5 hill giants
  A harpy (Lair:6)
  57 deep elf magi
  3 oklob plants
  3 manticores
  14 ugly things
  2 orc sorcerers (Orc:2)
  6 shining eyes
  13 orb spiders
  4 cyclopes
  12 elephants
  Maurice (D:8)
  2 moths of wrath
  2 black mambas
  An ice statue (IceCv)
  2 eyes of devastation
  20 spiny frogs
  9 gargoyles
  2 torpor snails
  11 rime drakes
  2 centaur skeletons
  7 kobold demonologists
  11 demonic crawlers
  14 komodo dragons
  4 freezing wraiths (Swamp:4)
  An efreet (D:9)
  A yaktaur (shapeshifter) (Elf:1)
  A redback zombie (D:15)
  2 yaktaurs (D:14)
  A queen bee (Lair:2)
  A jumping spider (shapeshifter) (Elf:3)
  A merfolk (D:12)
  3 tengu conjurers
  26 polar bears
  A harpy skeleton (Volcano)
  3 meliai (D:14)
  41 jumping spiders
  9 trolls
  18 hornets
  4 two-headed ogres
  8 bog bodies
  A meliai zombie (D:14)
  6 tyrant leeches
  15 blink frogs
  108 slime creatures
  9 hippogriffs
  Sigmund (D:3)
  An air elemental (Elf:3)
  14 wyverns
  2 alligator skeletons (Volcano)
  2 flying skulls (Volcano)
  2 wraiths
  70 redbacks
  4 shadows
  25 tarantellas
  3 spriggans
  7 water elementals
  2 hogs (Swamp:3)
  A hog (shapeshifter) (D:15)
  51 yaks
  8 basilisks
  9 fire elementals
  14 golden eyes
  2 hungry ghosts
  18 vampire mosquitoes
  3 swamp worm simulacra (Swamp:4)
  Menkaure (D:4)
  A mottled dragon (D:14)
  5 insubstantial wisps (Swamp:2)
  A soldier ant (D:11)
  13 swamp worms
  7 wargs
  9 water moccasins
  15 hydra simulacra (Swamp:4)
  2 hell hounds (D:14)
  4 swamp drakes
  9 porcupines
  2 black bears
  6 ice beasts
  3 sky beasts
  24 orc warriors
  26 wolves
  A boggart (D:9)
  2 hornet zombies (Ossuary)
  A necrophage (D:9)
  12 centaurs
  9 eyes of draining
  13 ogres
  16 crocodiles
  7 big kobolds
  2 earth elementals
  19 bullfrogs
  A gnoll sergeant (D:9)
  A water moccasin zombie (Ossuary)
  A hornet simulacrum (D:9)
  A scorpion (D:4)
  41 killer bees
  13 wights
  2 troll skeletons (Volcano)
  9 electric eels
  5 howler monkeys
  2 spriggan skeletons (Volcano)
  5 centaur zombies
  12 crimson imps
  A wyvern simulacrum (D:12)
  3 hounds
  5 jellies
  3 bullfrog skeletons
  37 orc priests
  4 iguanas
  22 orc wizards
  5 worker ants
  3 hell rats (Lair:5)
  A killer bee zombie (Ossuary)
  2 bullfrog simulacra (D:12)
  3 naga skeletons (Volcano)
  5 hound zombies (Ossuary)
  12 mummies
  7 worker ant zombies
  Robin (D:3)
  7 adders
  8 gnolls
  4 river rats
  3 shadow imps
  9 white imps
  4 ufetubi
  5 swamp drake simulacra (Swamp:4)
  2 adder skeletons
  4 adder zombies
  6 worms
  7 dart slugs
  5 leopard geckos
  86 orcs
  2 ball pythons (D:4)
  6 giant cockroaches
  15 goblins
  9 hobgoblins
  12 jackals
  18 kobolds
  4 quokkas
  7 bats
  2 frilled lizards
  4 giant cockroach zombies (Ossuary)
  A jackal skeleton (D:4)
  A leopard gecko skeleton (D:4)
  2 leopard gecko zombies (Ossuary)
  A quokka skeleton (D:8)
  A quokka zombie (Ossuary)
  28 rats
  7 briar patches
  A bush (Lair:4)
  3 crawling corpses (Elf:3)
  5 plants
  A withered plant (Ossuary)
1668 creatures vanquished.

Vanquished Creatures (others)
  A jumping spider (Spider:2)
  A flying skull (Volcano)
  A water elemental (D:12)
  A tarantella (Spider:2)
  2 humans (Swamp:3)
  A vampire mosquito (Swamp:2)
  A centaur (D:11)
  A jelly (D:9)
  A worker ant simulacrum (D:9)
  2 orcs
  A briar patch (Swamp:4)
  A crawling corpse (Elf:3)
  4 fungi (Lair:6)
  10 plants
  A withered plant (Ossuary)
29 creatures vanquished.

Grand Total: 1697 creatures vanquished

Notes
Turn   | Place    | Note
-------+----------+-------------------------------------------
     0 | D:1      | Peloso the Minotaur Fighter began the quest for the Orb.
     0 | D:1      | Reached XP level 1. HP: 19/19 MP: 0/0
    35 | D:1      | Reached XP level 2. HP: 13/27 MP: 1/1
   516 | D:1      | Reached skill level 4 in Shields
   662 | D:1      | Reached XP level 3. HP: 30/33 MP: 2/2
   905 | D:2      | Found a blossoming altar of Fedhas.
  1100 | D:2      | Reached XP level 4. HP: 38/40 MP: 3/3
  1381 | D:2      | Reached skill level 1 in Dodging
  1402 | D:2      | Found a faded altar of an unknown god.
  1728 | D:3      | Noticed Robin
  1753 | D:3      | Killed Robin
  1753 | D:3      | Reached XP level 5. HP: 29/47 MP: 4/4
  2026 | D:3      | Noticed Sigmund
  2778 | D:3      | Killed Sigmund
  2778 | D:3      | Reached skill level 5 in Armour
  2778 | D:3      | Reached skill level 5 in Shields
  2778 | D:3      | Reached XP level 6. HP: 35/55 MP: 2/5
  3014 | D:4      | Found Hijuokh's Gadget Shop.
  3028 | D:4      | Reached skill level 5 in Fighting
  3028 | D:4      | Reached skill level 5 in Long Blades
  3095 | D:4      | Noticed Menkaure
  3105 | D:4      | Killed Menkaure
  3105 | D:4      | Reached XP level 7. HP: 28/61 MP: 3/6
  3367 | D:4      | Noticed a hippogriff
  3383 | D:4      | Killed a hippogriff
  3383 | D:4      | Reached skill level 6 in Shields
  3417 | D:4      | Found a sand-covered staircase.
  3423 | D:4      | Reached XP level 8. HP: 30/69 MP: 5/7
  3440 | Ossuary  | Entered an ossuary
  4267 | Ossuary  | Gained mutation: You are partially covered in thin metallic scales. (AC +2) [potion of mutation]
  4267 | Ossuary  | Gained mutation: Scrolls take you a little longer to read. [potion of mutation]
  4267 | Ossuary  | Gained mutation: Your body sometimes deteriorates upon taking damage. [potion of mutation]
  4361 | Ossuary  | Lost mutation: Your body sometimes deteriorates upon taking damage. [potion of cure mutation]
  4544 | D:5      | Entered Level 5 of the Dungeon
  4586 | D:5      | Found Hihus's Gadget Shop.
  4628 | D:5      | Got a crude mace
  4629 | D:5      | Identified the +6 mace "Ucrov" {drain, Str+2} (You found it on level 5 of the Dungeon)
  4644 | D:5      | Identified the Papyrus of Flames and Changing
  4686 | D:5      | Got a smoking trident
  4687 | D:5      | Identified the +6 trident of Wuaw Mid {protect, rC+ Int+3} (You found it on level 5 of the Dungeon)
  4779 | D:5      | Found a shimmering altar of Xom.
  4786 | D:5      | Reached skill level 7 in Shields
  4906 | D:5      | Reached XP level 9. HP: 64/78 MP: 8/8
  5242 | D:6      | Found Gozag's Platinum Reserve.
  5257 | D:6      | Found an opulent altar of Gozag.
  5395 | D:6      | Found a staircase to the Ecumenical Temple.
  5408 | D:6      | Reached skill level 10 in Long Blades
  5421 | Temple   | Entered the Ecumenical Temple
  5662 | D:6      | Found a hazy altar of Hepliaklqana.
  5865 | D:6      | Found a snail-covered altar of Cheibriados.
  5966 | D:6      | Found a glowing silver altar of Zin.
  5966 | D:6      | Found a glowing golden altar of the Shining One.
  5967 | D:6      | Found a white marble altar of Elyvilon.
  6139 | D:6      | Reached skill level 8 in Shields
  6907 | D:8      | Found Eriplizu's General Store.
  6909 | D:8      | Bought a scroll of enchant armour for 82 gold pieces
  6909 | D:8      | Bought the cursed +0 shield "Imamuarche" {rElec} for 170 gold pieces
  7052 | D:8      | Paralysed by a hornet for 3 turns
  7078 | D:8      | Noticed Maurice
  7115 | D:8      | Lost mutation: Scrolls take you a little longer to read. [potion of cure mutation]
  7115 | D:8      | Lost mutation: You are partially covered in thin metallic scales. (AC +2) [potion of cure mutation]
  7122 | D:8      | Killed Maurice
  7122 | D:8      | Reached XP level 10. HP: 53/88 MP: 9/9
  7317 | D:8      | Reached skill level 1 in Stealth
  7839 | D:9      | Found a shimmering altar of Xom.
  7877 | D:8      | Reached skill level 9 in Shields
  8571 | D:9      | Found a burning altar of Makhleb.
  8693 | D:9      | Reached skill level 10 in Shields
  8991 | D:9      | Noticed a centaur warrior
  9012 | D:9      | Killed a centaur warrior
  9012 | D:9      | Reached skill level 10 in Armour
  9125 | D:9      | Got a faintly glowing long sword
  9126 | D:9      | Identified the +10 long sword of Seapi {venom, rC+ MP+9 Str+2 Dex+2} (You found it on level 9 of the Dungeon)
  9249 | D:9      | Reached XP level 11. HP: 95/97 MP: 10/10
  9536 | D:9      | Found a deep blue altar of Sif Muna.
  9639 | D:9      | Found an iron altar of Okawaru.
  9796 | D:9      | Became a worshipper of Warmaster Okawaru
  9906 | D:10     | Entered Level 10 of the Dungeon
 10011 | D:10     | Reached skill level 11 in Shields
 10216 | D:10     | Reached * piety under Okawaru
 10351 | D:10     | Found a staircase to the Orcish Mines.
 10701 | D:10     | Noticed Snorg
 10709 | D:10     | Killed Snorg
 10848 | D:11     | Noticed a soul eater
 10999 | D:11     | Reached ** piety under Okawaru
 11039 | D:11     | Noticed a hill giant
 11048 | D:11     | Killed a hill giant
 11048 | D:11     | Reached skill level 10 in Fighting
 11097 | D:11     | Found a staircase to the Lair.
 11212 | D:11     | Reached *** piety under Okawaru
 11245 | D:11     | Noticed a hill giant
 11252 | D:11     | Killed a hill giant
 11262 | D:11     | Reached skill level 12 in Shields
 11625 | D:12     | Noticed Erolcha
 11627 | D:12     | Reached XP level 12. HP: 99/107 MP: 11/11
 11637 | D:12     | Paralysed by Erolcha for 3 turns
 11638 | D:12     | Killed Erolcha
 11649 | D:12     | Received a gift from Okawaru
 11790 | D:12     | Found a frozen archway.
 11798 | D:12     | Reached **** piety under Okawaru
 11812 | IceCv    | Entered an ice cave
 12136 | IceCv    | Reached ***** piety under Okawaru
 12176 | IceCv    | Reached skill level 13 in Shields
 12345 | IceCv    | Noticed a death yak
 12360 | IceCv    | Killed a death yak
 12368 | IceCv    | Received a gift from Okawaru
 12527 | IceCv    | Noticed a white draconian
 12540 | IceCv    | Killed a white draconian
 12554 | IceCv    | Reached XP level 13. HP: 67/117 MP: 12/12
 12899 | D:12     | Noticed Nergalle
 12910 | D:12     | Killed Nergalle
 12910 | D:12     | Received a gift from Okawaru
 13210 | D:12     | Noticed Frances
 13229 | D:12     | Killed Frances
 13229 | D:12     | Reached skill level 14 in Shields
 13864 | Lair:1   | Entered Level 1 of the Lair of Beasts
 13966 | Lair:1   | Found a labyrinth entrance.
 13973 | Lab      | Entered a labyrinth
 14001 | Lab      | Got a pair of brightly glowing boots
 14007 | Lab      | Identified the +1 pair of boots of Jigsaw {Int+7} (You found it in a labyrinth)
 14354 | Lab      | Noticed a minotaur
 14360 | Lab      | Killed a minotaur
 14364 | Lab      | Identified the Incunabulum of the Glacier and Transmigration
 14365 | Lab      | Got a twitching tin ring
 14369 | Lab      | Identified the ring "Nagiuce" {rCorr +Fly rC+ MR-} (You found it in a labyrinth)
 14381 | Lair:1   | Reached skill level 15 in Long Blades
 14402 | Lair:1   | You fall through a shaft!
 15457 | Lair:1   | You fall through a shaft!
 15732 | Lair:2   | Reached ****** piety under Okawaru
 15959 | Lair:2   | Reached skill level 15 in Shields
 16379 | Lair:2   | Received a gift from Okawaru
 16471 | Lair:3   | Found a hole to the Spider Nest.
 16474 | Lair:3   | Noticed toffzen's ghost (journeyman SpEn)
 16487 | Lair:3   | Killed toffzen's ghost
 16692 | Lair:3   | Reached XP level 14. HP: 129/129 MP: 13/13
 17243 | Lair:4   | Found a staircase to the Swamp.
 18201 | Lair:5   | Reached skill level 16 in Shields
 18203 | Lair:5   | Received a gift from Okawaru
 18819 | Lair:6   | Entered Level 6 of the Lair of Beasts
 19595 | Lair:6   | Found a staircase to the Slime Pits.
 19597 | Lair:6   | Found a viscous altar of Jiyva.
 19998 | Lair:6   | Reached XP level 15. HP: 117/139 MP: 14/14
 20019 | Lair:6   | Identified the Handbook of Augmentations and Clay
 20482 | D:13     | Received a gift from Okawaru
 20642 | D:13     | Reached skill level 17 in Shields
 20726 | D:13     | Reached skill level 5 in Dodging
 21188 | D:14     | Noticed Azrael
 21211 | D:14     | Killed Azrael
 21970 | D:14     | Reached skill level 15 in Armour
 22396 | D:14     | Received a gift from Okawaru
 22484 | D:14     | Reached skill level 18 in Shields
 22696 | D:14     | Reached skill level 15 in Fighting
 22744 | D:14     | Found a gate to the Vaults.
 22944 | D:15     | Entered Level 15 of the Dungeon
 23016 | D:15     | Noticed Rupert
 23043 | D:15     | Killed Rupert
 23557 | D:15     | Received a gift from Okawaru
 23626 | D:15     | Found a staircase to the Depths.
 23751 | D:15     | Reached XP level 16. HP: 149/149 MP: 15/15
 24073 | Orc:1    | Entered Level 1 of the Orcish Mines
 24156 | Orc:1    | Found a dark tunnel.
 24164 | Volcano  | Entered a volcano
 24247 | Volcano  | Noticed letownia's ghost (journeyman DDNe)
 24260 | Volcano  | Killed letownia's ghost
 24796 | Orc:1    | Noticed Gastronok
 24831 | Orc:1    | Killed Gastronok
 24831 | Orc:1    | Received a gift from Okawaru
 24831 | Orc:1    | Reached skill level 19 in Shields
 24925 | Orc:2    | Entered Level 2 of the Orcish Mines
 24925 | Orc:2    | Found Yty Corph's Gadget Emporium.
 24963 | Orc:2    | Found Coikes's Distillery.
 24972 | Orc:2    | Found Egyn's Food Emporium.
 25284 | Orc:2    | Found Puzapif's Antique Armour Emporium.
 25668 | Orc:2    | Found Viosmeag's Antique Armour Shoppe.
 25710 | Orc:2    | Found Inepaloc's Armour Emporium.
 25754 | Orc:2    | Found Ziukluh's General Store.
 25754 | Orc:2    | Found Tiyfu's Magic Scroll Emporium.
 25816 | Orc:2    | Bought a scroll of enchant armour for 105 gold pieces
 25816 | Orc:2    | Bought a scroll of enchant weapon for 105 gold pieces
 25932 | Orc:2    | Found a roughly hewn altar of Beogh.
 25961 | Orc:2    | Found a staircase to the Elven Halls.
 26662 | Lair:1   | Identified a scroll of acquirement
 26669 | Lair:1   | Got a transparent hat
 26680 | Lair:1   | Identified the +1 hat "Xuuzxede" {rF++ rC- Str+4 Slay+2} (You acquired it on level 1 of the Lair of Beasts)
 26783 | Spider:1 | Entered Level 1 of the Spider Nest
 28262 | Spider:1 | Received a gift from Okawaru
 29292 | Spider:3 | Reached skill level 20 in Shields
 29550 | Spider:3 | Reached XP level 17. HP: 149/159 MP: 16/16
 30250 | Spider:4 | Entered Level 4 of the Spider Nest
 31346 | Spider:4 | Reached skill level 1 in Invocations
 31359 | Spider:4 | Received a gift from Okawaru
 31686 | Spider:4 | Reached skill level 21 in Shields
 31799 | Spider:4 | Got an ichor-stained large shield {god gift}
 31810 | Spider:4 | Identified the +6 large shield "Bodwat" {rElec rC+} (Okawaru gifted it to you on level 4 of the Spider Nest)
 31925 | Spider:4 | Got a gossamer rune of Zot
 32290 | Swamp:1  | Entered Level 1 of the Swamp
 32412 | Swamp:1  | Noticed Donald
 32428 | Swamp:1  | Killed Donald
 32437 | Swamp:1  | Got a warped shield {Donald}
 32451 | Swamp:1  | Identified the cursed +0 shield of Liberalism {-Tele Dex+6} (You took it off Donald on level 1 of the Swamp)
 32508 | Swamp:1  | Got a polished rapier
 32509 | Swamp:1  | Identified the cursed +3 rapier "Simeibb" {pierce, Int+2 Dex+2} (You found it on level 1 of the Swamp)
 32682 | Swamp:1  | Found a runed door.
 32682 | Swamp:1  | Noticed a tentacled monstrosity
 33272 | Swamp:1  | Killed a tentacled monstrosity
 33533 | Swamp:2  | Received a gift from Okawaru
 33551 | Swamp:2  | Got a heavily runed plate armour {god gift}
 33562 | Swamp:2  | Identified the +14 plate armour of the Onion {rN+ Str+3 Slay-4 Stlth+} (Okawaru gifted it to you on level 2 of the Swamp)
 33586 | Swamp:2  | Reached XP level 18. HP: 124/169 MP: 17/17
 34098 | Swamp:3  | Noticed Kirke
 34139 | Swamp:3  | Killed Kirke
 34139 | Swamp:3  | Reached skill level 22 in Shields
 34574 | Swamp:3  | Noticed Louise
 34619 | Swamp:3  | Killed Louise
 35166 | Swamp:4  | Entered Level 4 of the Swamp
 35330 | Swamp:4  | Noticed Bai Suzhen
 35382 | Swamp:4  | Killed Bai Suzhen
 35385 | Swamp:4  | Noticed flsc's ghost (adept MiFi)
 35459 | Swamp:4  | Killed flsc's ghost
 35681 | Swamp:4  | Noticed Roxanne
 35717 | Swamp:4  | Killed Roxanne
 36302 | Swamp:4  | Received a gift from Okawaru
 36338 | Swamp:4  | Got a decaying rune of Zot
 36787 | Elf:1    | Entered Level 1 of the Elven Halls
 36829 | Elf:1    | Reached skill level 23 in Shields
 36832 | Elf:1    | Reached skill level 1 in Evocations
 36978 | Elf:1    | Identified the Papyrus of Boosting Stones
 36983 | Elf:1    | Identified the Almanac of Confrontation
 37071 | Elf:1    | Noticed Aizul
 37102 | Elf:1    | Killed Aizul
 37178 | Elf:1    | Found Nyd Nupi's Quality Used Wands.
 37411 | Elf:1    | Received a gift from Okawaru
 37917 | Elf:2    | Got a faintly glowing mace
 37921 | Elf:2    | Found a runed gate.
 37921 | Elf:2    | Found a runed gate.
 37922 | Elf:2    | Got a shimmering war axe
 37928 | Elf:2    | Found a runed gate.
 38055 | Elf:2    | Reached XP level 19. HP: 179/179 MP: 19/19
 38116 | Elf:2    | Got an iridescent demon blade
 38117 | Elf:2    | Identified the +7 demon blade of the Scavenger {drain, +Blink Dex+3} (You acquired it on level 2 of the Elven Halls)
 38378 | Elf:2    | Received a gift from Okawaru
 38696 | Elf:2    | Reached skill level 24 in Shields
 39023 | Elf:3    | Entered Level 3 of the Elven Halls
 39533 | Elf:3    | Received a gift from Okawaru
 39835 | Elf:3    | Received a gift from Okawaru
 39842 | Elf:3    | Noticed a Brimstone Fiend
 39915 | Elf:3    | Gained mutation: You are partially covered in yellow scales. (AC +2) [a cacodemon]
 40213 | Elf:3    | Got a coiled jade amulet
 40414 | Elf:3    | Identified the +11 mace "Ucim" {crush, Str+3} (You found it on level 2 of the Elven Halls)
 40426 | Elf:3    | Identified the amulet "Omuosuweiv" {Fragile Regen+ Str+4 Dex+4 Stlth+} (You took it off a deep elf annihilator on level 3 of the Elven Halls)
 40462 | Elf:3    | Got a crude amethyst amulet
 40463 | Elf:3    | Identified the amulet of the Hundredfold Lives {Gourm rElec rF- rN+ Slay+4} (You found it on level 3 of the Elven Halls)
 40489 | Elf:3    | Got a scorched halberd
 40519 | Elf:3    | Got a vibrating bronze amulet
 40520 | Elf:3    | Identified the amulet of Pragmatism {Spirit rF+ rC+ Dex+4} (You found it on level 3 of the Elven Halls)
 40552 | Elf:3    | Got a transparent rapier
 40553 | Elf:3    | Identified the +9 rapier of Prudence {pierce, *Drain rF+ Str+8} (You found it on level 3 of the Elven Halls)
 40555 | Elf:3    | Identified the Catalogue of Sinister Magic and Aid
 40559 | Elf:3    | Identified the Handbook of Igneous Conjuration
 41126 | Slime:1  | Entered Level 1 of the Pits of Slime
 41169 | Slime:1  | Reached skill level 25 in Shields
 41368 | Slime:2  | Reached XP level 20. HP: 140/189 MP: 20/20
 41706 | Slime:2  | Gained mutation: You tend to lose your temper in combat. [a shining eye]
 41709 | Slime:2  | Gained mutation: You often lose your temper in combat. [a shining eye]
 41731 | Slime:2  | Received a gift from Okawaru
 41734 | Slime:2  | Got a crude long sword {god gift}
 41735 | Slime:2  | Identified the +5 long sword of Exoneration {flame, +Fly Int+3} (Okawaru gifted it to you on level 2 of the Pits of Slime)
 42464 | Slime:4  | Noticed Dissolution
 42474 | Slime:4  | Paralysed by a floating eye for 3 turns
 42483 | Slime:4  | Paralysed by a floating eye for 3 turns
 42485 | Slime:4  | HP: 8/191 [Dissolution (2)]
 42485 | Slime:4  | HP: 3/191 [acid (5)]
 42487 | Slime:4  | Killed Dissolution
 42487 | Slime:4  | Received a gift from Okawaru
 42713 | Slime:4  | Got a diamond-studded scale mail {god gift}
 42714 | Slime:4  | Identified the +2 scale mail of Rusyenao {rF+ rC- Str+5} (Okawaru gifted it to you on level 4 of the Pits of Slime)
 42809 | Slime:5  | Entered Level 5 of the Pits of Slime
 43252 | Slime:5  | Reached skill level 26 in Shields
 43540 | Slime:5  | Received a gift from Okawaru
 43543 | Slime:5  | Got a faintly glowing long sword {god gift}
 43544 | Slime:5  | Identified the +9 long sword "Arymp" {slice, rElec Str-3 Dex+7 SInv} (Okawaru gifted it to you on level 5 of the Pits of Slime)
 44016 | Slime:5  | Found a viscous altar of Jiyva.
 44018 | Slime:5  | Noticed the Royal Jelly
 44055 | Slime:5  | Killed the Royal Jelly
 44055 | Slime:5  | Reached XP level 21. HP: 151/199 MP: 21/21
 44071 | Slime:5  | HP: 3/298 [death ooze[the Royal Jelly] (16)]
 44071 | Slime:5  | Mangled by an azure jelly

Skill      XL: |  1  2  3  4  5  6  7  8  9 10 11 12 13 14 15 16 17 18 19 20 |
---------------+-------------------------------------------------------------+-----
Armour         | 4 5 6 7 9 10 11 13 14 15 16 17 18 | 18.2
Fighting       | 4 5 6 7 9 10 11 13 14 15 16 17 18 19 | 19.4
Shields        | 4 5 6 7 8 10 12 13 15 16 18 20 21 23 25 26 | 26.5
Long Blades    | 3 4 5 7 9 10 11 13 14 15 16 17 18 19 | 19.9
Dodging        | 1 2 3 4 5 6 |  6.9
Stealth        | 1 2 |  2.9
Invocations    | 1 |  1.7
Evocations     | 1 |  1.5

Action                   |  1- 3 |  4- 6 |  7- 9 | 10-12 | 13-15 | 16-18 | 19-21 || total
-------------------------+-------+-------+-------+-------+-------+-------+-------++-------
Melee: Long sword        |   103 |   168 |   370 |   482 |  1378 |  1801 |   566 ||  4868
       Headbutt          |    16 |    28 |    98 |   194 |   454 |   773 |   439 ||  2002
       Falchion          |       |       |   107 |   254 |    44 |   576 |       ||   981
       Scimitar          |       |       |       |     1 |       |       |       ||     1
       Demon blade       |       |       |       |       |       |       |   612 ||   612
Invok: Heroism           |       |       |       |     1 |     3 |     6 |     2 ||    12
Evoke: Wand              |       |       |     1 |     2 |     1 |    11 |     1 ||    16
  Use: Scroll            |       |     8 |     8 |     7 |     9 |     9 |    11 ||    52
       Potion            |       |       |    11 |     3 |     6 |     1 |     5 ||    26
 Stab: Confused          |       |       |       |       |       |     1 |       ||     1
  Eat: Chunk             |     1 |     6 |    12 |    17 |    36 |    44 |     8 ||   124
       Fruit             |       |       |     3 |     1 |     3 |     6 |     7 ||    20
       Pizza             |       |       |       |       |       |       |     4 ||     4
Armor: Scale mail        |    52 |    85 |       |       |       |       |       ||   137
       Chain mail        |       |       |    97 |       |       |       |       ||    97
       Plate armour      |       |       |    39 |   327 |   536 |   974 |   345 ||  2221
Dodge: Dodged            |    35 |    66 |    80 |   200 |   416 |   657 |   197 ||  1651
Block: Shield            |    52 |   115 |   201 |   451 |   985 |  1013 |       ||  2817
       Large shield      |       |       |       |       |       |  1502 |  1445 ||  2947
       Rpst.: Long sword |    12 |    16 |    20 |    21 |    87 |   101 |    25 ||   282
       Falchion          |       |       |     5 |    21 |     3 |    10 |       ||    39
       Demon blade       |       |       |       |       |       |       |    11 ||    11
